 Dungeon Crawl Stone Soup version 0.31-a0-1459-g54790a2 (webtiles) character file.

Game seed: 17021313399540936850

143 plsesad the Ruffian (level 5, 0/40 HPs)
             Began as a Demonspawn Shapeshifter on Dec 28, 2023.
             Slain by an orc priest
             ... wielding a +1 antimagic hand axe
              (4 damage)
             ... on level 3 of the Dungeon.
             The game lasted 00:03:28 (2165 turns).

plsesad the Ruffian (Demonspawn Shapeshifter)       Turns: 2165, Time: 00:03:28

Health: 0/40       AC:  6    Str: 16    XL:     5   Next: 4%
Magic:  5/5        EV:  9    Int: 11    God:
Gold:   209        SH:  0    Dex: 12    Spells: 4/4 levels left

rFire   . .          .
                       - Unarmed
rCold   . . .        (no shield)
rNeg    . . .        k - +0 scale mail
rPois   .            (helmet currently unavailable)
rElec   .            (cloak currently unavailable)
rCorr   .            (gloves currently unavailable)
SInv    .            (boots currently unavailable)
Will    .....        (no amulet) Stlth
                     (no ring)
HPRegen 0.26/turn    (no ring)
MPRegen 0.09/turn

%: no passive effects
@: beast-form
A: beast (slay +2), powered by death 1, spiny 1, weakness stinger 1
a: Begin Untransformation


You were on level 3 of the Dungeon.
You were a hulking beast.
You visited 1 branch of the dungeon, and saw 3 of its levels.

You collected 209 gold pieces.

Inventory:

Armour
 a - a +0 animal skin
 j - a +0 cloak
 k - a +0 scale mail (worn)
 q - a +0 pair of gloves
Jewellery
 b - a ring of resist corrosion
 h - a ring of poison resistance
Talismans
 c - a beast talisman
 d - a flux talisman
 o - a serpent talisman
Scrolls
 e - 2 scrolls of identify {unknown}
 f - a scroll of immolation {unknown}
 g - a scroll of amnesia {unknown}
 i - a scroll of vulnerability {unknown}
 l - a scroll of noise {unknown}
 m - a scroll of summoning {unknown}
Potions
 n - a potion of attraction {unknown}
 p - a potion of magic {unknown}


   Skills:
 + Level 2.9 Fighting
 - Level 1.7 Dodging
 + Level 3.7 Unarmed Combat
 + Level 3.5 Shapeshifting


You had 4 spell levels left.
You didn't know any spells.
Your spell library contained the following spells:

 Spells                   Type           Power      Damage    Failure   Level
 Call Canine Familiar     Summ           0%         N/A       99%         3
 Gell's Gravitas          Tloc           0%         N/A       99%         3
 Sigil of Binding         Hex            0%         N/A       99%         3
 Teleport Other           Tloc           0%         N/A       99%         3
 Dimensional Bullseye     Hex/Tloc       0%         N/A       100%        4
 Dispersal                Tloc           0%         N/A       100%        6


Dungeon Overview and Level Annotations

Branches:
Dungeon (3/15)

Altars:


Innate Abilities, Weirdness & Mutations

You are a hulking beast.
Your limbs bulge with bestial killing power. (Slay +2)
You regenerate a little health from kills.
You are partially covered in sharp spines.
You have a small tail.


Message History

The orc priest calls down the wrath of Beogh upon you.
Pain shoots through your body!
The orc priest miscasts a cantrip.
You punch the orc priest!
The orc priest is heavily wounded.
The orc priest is struck by your spines.
The orc priest completely misses you.
You closely miss the orc priest.
The orc priest is heavily wounded.
The orc priest barely misses you.
You hit the orc priest.
The orc priest is almost dead.
You hit the orc priest but do no damage.
The orc priest is almost dead.
The orc priest mumbles some strange prayers to Beogh against you.
Beogh smites you!
You are too injured to fight recklessly!
You are too injured to fight recklessly!
You are too injured to fight recklessly!
You are too injured to fight recklessly!
You are too injured to fight recklessly!
You are too injured to fight recklessly!
You closely miss the orc priest.
The orc priest is almost dead.
The orc priest calls down the wrath of Beogh upon you.
Beogh smites you!
* * * LOW HITPOINT WARNING * * *
You hit the orc priest.
You kill the orc priest!
You have reached level 5!
Your demonic ancestry asserts itself...
You grow a small tail.
You hit the orc priest.
The orc priest is moderately wounded.
The orc priest looks encouraged for a moment.
You hit the orc priest.
The orc priest is heavily wounded.
The orc priest is struck by your spines.
The orc priest hits you with a +1 antimagic hand axe.
You die...

##.#.######
......oh..#
#).
...#.####.#
#.# #.# #.#
#.# #.# #.#
#.# #.# #.#
#.######
#.#
#......#
#.##
######.#
##...


You could see an orc priest.

Vanquished Creatures
  A bombardier beetle (D:3)
  An orc priest (D:3)
  2 adders
  A worm (D:2)
  4 dart slugs (D:2)
  3 orcs (D:3)
  2 endoplasms
  A giant cockroach (D:2)
  3 goblins
  5 hobgoblins
  5 quokkas
  2 ball pythons
  7 bats
  A frilled lizard (D:2)
  8 kobolds
  2 rats (D:1)
48 creatures vanquished.

Notes
Turn   | Place    | Note
-------+----------+-------------------------------------------
     0 | D:1      | plsesad the Demonspawn Shapeshifter began the quest for the
                  | Orb.
     0 | D:1      | Reached XP level 1. HP: 15/15 MP: 1/1
   285 | D:1      | Gained mutation: You regenerate a little health from kills.
                  | [demonic ancestry]
   285 | D:1      | Reached XP level 2. HP: 6/21 MP: 2/2
  1028 | D:2      | Gained mutation: You are partially covered in sharp spines.
                  | [demonic ancestry]
  1028 | D:2      | Reached XP level 3. HP: 5/27 MP: 3/3
  1817 | D:3      | Reached XP level 4. HP: 31/34 MP: 4/4
  2058 | D:3      | Found a faded altar of an unknown god.
  2164 | D:3      | Gained mutation: You have a small tail. [demonic ancestry]
  2164 | D:3      | Reached XP level 5. HP: 4/40 MP: 5/5
  2165 | D:3      | Slain by an orc priest

Illustrated notes

Levels and vault maps discovered:
D:1:      roderic_octagonal_star, layout_loops_cross, roderic_st_hans_cross,
          minivault_4
D:2:      layout_loops_ring, nicolae_concentric_dashed_squares_wild,
          minmay_misc_feat_nine_boxes
D:3:      layout_loops_corners, mainiacjoe_overflow_paths,
          chequers_ecumenical_altar_twisty, grunt_decor_fettered

Skill      XL: |  1  2 |
---------------+-------+-----
Unarmed Combat | 3 |  3.7
Shapeshifting  | 3 |  3.5
Fighting       | 2 |  2.9
Dodging        | |  1.7

Action                     |  1- 3 |  4- 6 || total
---------------------------+-------+-------++-------
  Melee: Unarmed           |   121 |    29 ||   150
         Punch             |     3 |       ||     3
    Use: Potion            |       |     1 ||     1
   Stab: Sleeping          |     2 |       ||     2
 Armour: Animal skin       |    49 |       ||    49
         Scale mail        |    16 |    10 ||    26
  Dodge: Dodged            |    63 |     7 ||    70

Table legend: (Time is in decaauts)
 A = Elapsed time spent in this place.
 B = Non-inter-level travel time spent in this place.
 C = Inter-level travel time spent in this place.
 D = Time resting spent in this place.
 E = Time spent auto-exploring this place.
 F = Levels seen in this place.
 G = Mean time per level.
                   A        B        C        D        E       F      G
               +--------+--------+--------+--------+--------+-----+--------+
         Total |   2156 |   2082 |     74 |    125 |   1609 |   3 |  718.7 |
       Dungeon |   2156 |   2082 |     74 |    125 |   1609 |   3 |  718.7 |
               +--------+--------+--------+--------+--------+-----+--------+

Top non-repeatable levels by time:
     D:1: 945 daAuts
     D:2: 848 daAuts
     D:3: 363 daAuts
